[Event "1.FrauenBL 2016-17"]
[Site "Berlin"]
[Date "2017.04.29"]
[Round "9"]
[White "Hoolt, Sarah"]
[Black "Sherif, Amina"]
[Result "1-0"]
[ECO "B15"]
[WhiteElo "2398"]
[BlackElo "2003"]
[Annotator "NA"]
[PlyCount "71"]
[EventDate "2017.??.??"]
[EventType "team-tourn"]
[EventCountry "GER"]
[SourceTitle "playchess.com"]
[Source "ChessBase"]
[SourceQuality "1"]
[WhiteTeam "Hamburger SK"]
[BlackTeam "TuRa Harksheide"]
[TimeControl "40/6000+30:3000+30"]

1. e4 g6 2. d4 Bg7 3. Nc3 c6 4. Be3 d5 5. e5 f6 6. f4 Nh6 7. Be2 b6 8. Nf3 Bb7 9. Qd2 Nd7 10. O-O-O e6 11. Kb1 Qe7 12. h3 Nf7 $16 13. g4 a6 14. Rhe1 fxe5 15. fxe5 O-O 16. h4 c5 17. h5 cxd4 18. Bxd4 Nfxe5 19. Nxe5 Bxe5 20. Bxe5 Nxe5 21. Qe3 Qd6 22. Ne4 Qc7 23. Ng5 Rae8 24. Qg3 Qg7 25. Bf1 Rxf1 26. Rxf1 gxh5 27. gxh5 h6 28. Rg1 Nc4 29. Nxe6 Qxg3 30. Rxg3+ Kh8 31. Rg6 Kh7 32. Rg7+ Kh8 33. Rxb7 Rxe6 34. b3 Ne3 35. Rg1 Nf5 36. Rf1 1-0

[Event "1.FrauenBL 2016-17"]
[Site "Berlin"]
[Date "2017.04.29"]
[Round "9"]
[White "Ankerst, Milka"]
[Black "Braun, Kristin"]
[Result "1/2-1/2"]
[ECO "B78"]
[WhiteElo "2064"]
[BlackElo "1860"]
[Annotator "NA"]
[PlyCount "103"]
[EventDate "2017.??.??"]
[EventType "team-tourn"]
[EventCountry "GER"]
[SourceTitle "playchess.com"]
[Source "ChessBase"]
[SourceQuality "1"]
[WhiteTeam "FC Bayern München"]
[BlackTeam "SG Augsburg"]
[TimeControl "40/6000+30:3000+30"]

1. e4 c5 2. Nf3 d6 3. d4 cxd4 4. Nxd4 Nf6 5. Nc3 g6 6. Be3 Bg7 7. f3 Nc6 8. Bc4 O-O 9. Qd2 Bd7 10. O-O-O Rc8 11. Bb3 Ne5 12. h4 h5 13. Kb1 Nc4 14. Bxc4 Rxc4 15. Nde2 Qa5 16. Nd5 Qd8 17. Nxf6+ Bxf6 18. Bd4 Bg7 19. g4 hxg4 20. f4 g3 21. f5 e5 22. fxe6 g2 23. Rh2 Bxe6 24. Bxg7 Kxg7 25. Ng3 Bg4 26. Re1 Rh8 27. Rxg2 Rxh4 28. Qd3 Rc6 29. Qd4+ Kg8 30. Rf2 Be6 31. Qd2 Ra6 32. b3 Qa5 33. Qxa5 Rxa5 34. Rd1 d5 35. exd5 Rxd5 36. Re1 Rhd4 37. Kb2 Rd2 38. Rf3 Rg2 39. Ne4 Rd8 40. Rf2 Rxf2 41. Nxf2 Kf8 42. Nd3 Bf5 43. Kc3 Re8 44. Rg1 Re2 45. a4 Ke7 46. b4 Kf6 47. b5 g5 48. a5 g4 49. Ne1 Re3+ 50. Kb4 Ke5 51. Z0 Ke4 52. Z0 {[%emt 0:13:05] Be4 0:13:05} 1/2-1/2

[Event "1.FrauenBL 2016-17"]
[Site "Berlin"]
[Date "2017.04.29"]
[Round "9.1"]
[White "Papp, Petra"]
[Black "Straub, Natalia"]
[Result "1-0"]
[ECO "C10"]
[WhiteElo "2378"]
[BlackElo "2188"]
[Annotator "NA"]
[PlyCount "149"]
[EventDate "2017.??.??"]
[EventType "team-tourn"]
[EventCountry "GER"]
[SourceTitle "playchess.com"]
[Source "ChessBase"]
[SourceQuality "1"]
[WhiteTeam "SK Schwäbisch Hall"]
[BlackTeam "SF Deizisau"]
[TimeControl "40/6000+30:3000+30"]

1. e4 e6 2. d4 d5 3. Nc3 dxe4 4. Nxe4 Nd7 5. Nf3 Ngf6 6. Nxf6+ Nxf6 7. Be3 Bd6 8. Bd3 O-O 9. Qe2 b6 10. O-O-O Bb7 11. Bg5 h6 12. Bh4 Bf4+ 13. Kb1 Qd5 14. Rhe1 Qh5 15. Bxf6 gxf6 16. Be4 Bxe4 17. Qxe4 Bd6 18. g4 Qd5 19. Qxd5 exd5 20. Re2 Rfe8 21. Rde1 Rxe2 22. Rxe2 Kh7 23. h3 h5 24. gxh5 Rg8 25. Re1 Kh6 26. Rg1 Re8 27. Kc1 Kxh5 28. Kd1 c5 29. c3 c4 30. Rg7 Rf8 31. Ne1 Bf4 32. Rg4 Bh6 33. Nc2 a5 34. Ne3 Bxe3 35. fxe3 f5 36. Rg7 Kh6 37. Rg3 b5 38. Ke2 b4 39. Kf3 Rb8 40. Kf4 bxc3 41. bxc3 Rb2 42. a4 Rc2 43. Kxf5 Rxc3 44. Ke5 Rd3 45. Kxd5 c3 46. Rg1 c2 47. Rc1 Rc3 48. Ke4 Kg6 49. d5 Rc4+ 50. Kd3 Rxa4 51. Rxc2 Kf6 52. Rc4 Ra1 53. Ke4 Rh1 54. Rc6+ Ke7 55. Ke5 Rxh3 56. e4 a4 57. Rc7+ Ke8 58. Ra7 a3 59. Kd6 Rh6+ 60. Kc5 Rh3 61. e5 Rb3 62. Kc6 Rc3+ 63. Kd6 Kf8 64. Kd7 Rc5 65. Ra8+ Kg7 66. d6 Rxe5 67. Rxa3 f5 68. Kc6 Re1 69. d7 Rc1+ 70. Kd6 Rd1+ 71. Ke6 f4 72. Ra4 f3 73. Rg4+ Kh6 74. Rf4 Re1+ 75. Kf6 1-0

[Event "1.FrauenBL 2016-17"]
[Site "Berlin"]
[Date "2017.04.29"]
[Round "9.1"]
[White "Richterova, Natasa"]
[Black "Sieber, Fiona"]
[Result "0-1"]
[ECO "C47"]
[WhiteElo "2210"]
[BlackElo "2193"]
[Annotator "NA"]
[PlyCount "114"]
[EventDate "2017.??.??"]
[EventType "team-tourn"]
[EventCountry "GER"]
[SourceTitle "playchess.com"]
[Source "ChessBase"]
[SourceQuality "1"]
[WhiteTeam "SV Medizin Erfurt"]
[BlackTeam "SK Lehrte"]
[TimeControl "40/6000+30:3000+30"]

1. e4 e5 2. Nf3 Nc6 3. Nc3 Nf6 4. d4 exd4 5. Nxd4 Bb4 6. Nxc6 bxc6 7. Bd3 d5 8. exd5 cxd5 9. O-O O-O 10. Bg5 c6 11. Qf3 h6 12. Bxf6 Qxf6 13. Qxf6 gxf6 14. Ne2 Re8 15. c3 Bf8 16. Ng3 Re5 17. Rfe1 Bd7 18. f4 Ree8 19. Nh5 Be7 20. f5 Kf8 21. Kh1 Bd8 22. Rxe8+ Bxe8 23. Re1 Bd7 24. Bc2 Be7 25. g4 Re8 26. Re2 Bd8 27. Rd2 Re5 28. Bb3 Ke7 29. Kg2 Bb6 30. Ng3 Bc8 31. h4 Bb7 32. Bd1 Be3 33. Rc2 c5 34. Bf3 Bc8 35. Nf1 Bf4 36. Be2 h5 37. Kf3 Bh6 38. Ng3 Re3+ 39. Kf2 hxg4 40. Bxg4 Re5 41. b4 c4 42. Re2 Kd6 43. Bh5 Bf4 44. Rxe5 Bxe5 45. Ne2 Bxf5 46. Bxf7 Be4 47. a4 f5 48. h5 f4 49. h6 f3 50. Ng3 Bh7 51. Kxf3 Bxc3 52. Nh5 Bd2 53. Ke2 Bxh6 54. Bxd5 Bd3+ 55. Kd1 Kxd5 56. Nf6+ Kd4 57. Ng4 Bf4 0-1

[Event "1.FrauenBL 2016-17"]
[Site "Berlin"]
[Date "2017.04.29"]
[Round "9.1"]
[White "Waechter, Nathalie"]
[Black "Baciu, Diana"]
[Result "0-1"]
[ECO "D38"]
[WhiteElo "2007"]
[BlackElo "2275"]
[Annotator "NA"]
[PlyCount "48"]
[EventDate "2017.??.??"]
[EventType "team-tourn"]
[EventCountry "GER"]
[SourceTitle "playchess.com"]
[Source "ChessBase"]
[SourceQuality "1"]
[WhiteTeam "TuRa Harksheide"]
[BlackTeam "Hamburger SK"]
[TimeControl "40/6000+30:3000+30"]

1. d4 d5 2. c4 e6 3. Nc3 Nf6 4. cxd5 exd5 5. Bg5 Bb4 6. Nf3 h6 7. Bxf6 Qxf6 8. Qb3 c5 9. e3 Nc6 10. dxc5 $14 {[%emt 1:18:46] LiveBook: 36 Games} ({Don't play} 10. Qxd5 Be6 11. Qe4 cxd4 12. Nxd4 Nxd4 13. Qxd4 Qxd4 14. exd4 O-O $11) 10... Be6 11. Bb5 Bxc5 12. Qa4 O-O 13. O-O Rac8 14. Rfd1 Rfd8 15. Rac1 Ne5 16. Be2 Nc4 17. Bxc4 dxc4 18. Ne4 Rxd1+ 19. Rxd1 Qxb2 20. Nxc5 Rxc5 21. Nd4 Kh7 22. Nxe6 fxe6 23. g4 Qe2 24. h3 b5 0-1

[Event "1.FrauenBL 2016-17"]
[Site "Berlin"]
[Date "2017.04.29"]
[Round "9.2"]
[White "Schulze, Lara"]
[Black "Troyke, Doreen"]
[Result "1-0"]
[ECO "B32"]
[WhiteElo "2157"]
[BlackElo "2091"]
[Annotator "NA"]
[PlyCount "55"]
[EventDate "2017.??.??"]
[EventType "team-tourn"]
[EventCountry "GER"]
[SourceTitle "playchess.com"]
[Source "ChessBase"]
[SourceQuality "1"]
[WhiteTeam "SK Lehrte"]
[BlackTeam "SV Medizin Erfurt"]
[TimeControl "40/6000+30:3000+30"]

1. e4 c5 2. Nf3 Nc6 3. d4 cxd4 4. Nxd4 e5 5. Nb5 d6 6. N1c3 a6 7. Na3 b5 8. Nd5 Nce7 9. c4 Nxd5 10. exd5 bxc4 11. Nxc4 Nf6 12. Be3 Rb8 13. Be2 Be7 14. a4 O-O 15. O-O Nd7 16. Qd2 f5 17. f3 Bb7 18. Na5 Ba8 19. Rfc1 Nb6 20. Nc6 Bxc6 21. dxc6 Qc7 22. a5 Na8 23. Bxa6 Bf6 24. Bb7 Kh8 25. Qb4 Rf7 26. Bb6 Rxb7 27. cxb7 Qxb7 28. Qxd6 1-0

[Event "1.FrauenBL 2016-17"]
[Site "Berlin"]
[Date "2017.04.29"]
[Round "9.2"]
[White "Zahn, Alina"]
[Black "Tran, My Linh"]
[Result "1-0"]
[ECO "C54"]
[WhiteElo "2020"]
[BlackElo "1990"]
[Annotator "NA"]
[PlyCount "197"]
[EventDate "2017.??.??"]
[EventType "team-tourn"]
[EventCountry "GER"]
[SourceTitle "playchess.com"]
[Source "ChessBase"]
[SourceQuality "1"]
[WhiteTeam "Hamburger SK"]
[BlackTeam "TuRa Harksheide"]
[TimeControl "40/6000+30:3000+30"]

1. e4 e5 2. Nf3 Nc6 3. Bc4 Bc5 4. c3 Nf6 5. d3 a6 6. Bb3 Ba7 7. Nbd2 d6 8. O-O O-O 9. h3 h6 10. Re1 Re8 11. Nf1 d5 12. Qe2 Be6 13. Bc2 b5 14. b3 b4 15. Bb2 bxc3 16. Bxc3 Nd4 17. Nxd4 exd4 18. Bd2 Nd7 19. Qf3 Ne5 20. Qg3 Ng6 21. Bd1 Kh7 22. Nh2 c5 23. Bh5 Bb8 24. f4 Ne7 25. Qf2 g6 26. f5 Bxf5 27. exf5 gxh5 28. Qf3 Qd6 29. Nf1 Bc7 30. Qxh5 Qf6 31. Rac1 Nxf5 32. Rxc5 Rxe1 33. Bxe1 Bd6 34. Rxd5 Ne7 35. Rxd6 Qxd6 36. Qxf7+ Kh8 37. Bg3 Qc5 38. b4 Qg5 39. h4 Qg7 40. Qe6 Ng6 41. h5 Kh7 42. hxg6+ Qxg6 43. Qd7+ Qg7 44. Qxg7+ Kxg7 45. Be5+ Kg6 46. Nd2 Rc8 47. Bxd4 Rc2 48. Nf3 Rxa2 49. Bb6 Kf6 50. Kh2 Ra4 51. Bc5 Ke6 52. Kg3 Kd5 53. d4 Ra2 54. Nh4 a5 55. bxa5 Rxa5 56. Nf5 Ra6 57. Kh4 Ke4 58. g4 Kf4 59. Kh5 Ra1 60. Bd6+ Ke4 61. Be5 Rh1+ 62. Kg6 Kf3 63. Nxh6 Ke4 64. g5 Rg1 65. Ng8 Kd5 66. Bf6 Rg2 67. Kf7 Rxg5 68. Bxg5 Kxd4 69. Ke6 Ke4 70. Nf6+ Kd4 71. Bh4 Kc5 72. Bg3 Kd4 73. Bf2+ Kd3 74. Ke5 Ke2 75. Bb6 Kf3 76. Kf5 Kg3 77. Ke4 Kg2 78. Kf4 Kh1 79. Kf3 Kh2 80. Bc7+ Kh1 81. Ng4 Kg1 82. Nf2 Kf1 83. Bh2 Ke1 84. Ne4 Kf1 85. Nd2+ Ke1 86. Ke3 Kd1 87. Kd3 Ke1 88. Bg3+ Kd1 89. Nc4 Kc1 90. Be1 Kd1 91. Bb4 Kc1 92. Ne3 Kb2 93. Kc4 Kc1 94. Kc3 Kb1 95. Ba3 Ka2 96. Kb4 Ka1 97. Kb3 Kb1 98. Nf1 Ka1 99. Bb2+ 1-0

[Event "1.FrauenBL 2016-17"]
[Site "Berlin"]
[Date "2017.04.29"]
[Round "9.3"]
[White "Lubbe, Melanie"]
[Black "Savina, Anastasia"]
[Result "1/2-1/2"]
[ECO "B01"]
[WhiteElo "2298"]
[BlackElo "2378"]
[Annotator "NA"]
[PlyCount "94"]
[EventDate "2017.??.??"]
[EventType "team-tourn"]
[EventCountry "GER"]
[SourceTitle "playchess.com"]
[Source "ChessBase"]
[SourceQuality "1"]
[WhiteTeam "Rodewischer SM"]
[BlackTeam "SC Bad Königshofen"]
[TimeControl "40/6000+30:3000+30"]

1. e4 Nc6 2. d4 d5 3. exd5 Qxd5 4. Nf3 e5 5. dxe5 Qxd1+ 6. Kxd1 Bc5 7. Bc4 $15 Bg4 8. Bf4 Bxf2 9. Nbd2 Nge7 10. Rf1 Ng6 11. Rxf2 Nxf4 12. h3 Be6 13. Ng5 Nd5 14. Nxe6 fxe6 15. Bb5 Ne3+ 16. Ke2 Nxc2 17. Bxc6+ bxc6 18. Rc1 Nd4+ 19. Kd3 O-O-O 20. Ke4 Nf5 21. Nb3 Rhf8 22. Rf3 Nh4 23. Rxf8 Rxf8 24. Nc5 Ng6 25. Nxe6 Re8 26. Nxg7 Rxe5+ 27. Kf3 Nh4+ 28. Kg3 Nxg2 29. Kxg2 Rg5+ 30. Kf3 Rxg7 31. Rxc6 Kb7 32. Rc2 Kb6 33. h4 Kb5 34. h5 c5 35. Kf4 h6 36. Re2 Rg5 37. Re5 Rg2 38. a4+ Kb4 39. Re6 Rxb2 40. Rxh6 c4 41. Rh7 c3 42. Rxa7 Rh2 43. Kg5 c2 44. Rc7 Kxa4 45. h6 Kb3 46. Kg6 Kb2 47. h7 c1=Q 1/2-1/2

[Event "1.FrauenBL 2016-17"]
[Site "Berlin"]
[Date "2017.04.29"]
[Round "9.3"]
[White "Mueller-Ludwig, Kristin"]
[Black "Duessler, Stefanie"]
[Result "0-1"]
[ECO "B48"]
[WhiteElo "2080"]
[BlackElo "2086"]
[Annotator "NA"]
[PlyCount "100"]
[EventDate "2017.??.??"]
[EventType "team-tourn"]
[EventCountry "GER"]
[SourceTitle "playchess.com"]
[Source "ChessBase"]
[SourceQuality "1"]
[WhiteTeam "SV Medizin Erfurt"]
[BlackTeam "SK Lehrte"]
[TimeControl "40/6000+30:3000+30"]

1. e4 c5 2. Nf3 e6 3. d4 cxd4 4. Nxd4 Nc6 5. Nc3 Qc7 6. Be3 a6 7. Bd3 Nf6 8. O-O Ne5 9. f4 Neg4 10. Bc1 Bc5 11. Be2 Qb6 12. Bxg4 Bxd4+ 13. Kh1 Bxc3 14. bxc3 Nxe4 15. Qd4 Qxd4 16. cxd4 b5 17. Bf3 Bb7 18. Ba3 f5 19. Rac1 Rc8 20. Bb4 Kf7 21. Kg1 Bd5 22. Bxe4 Bxe4 23. c3 Rc6 24. Ra1 g5 25. fxg5 Rg8 26. a4 Rxg5 27. Rf2 bxa4 28. Rxa4 Bd3 29. Ra5 Bb5 30. Raa2 Rg4 31. Ra1 Re4 32. Rd1 Bc4 33. Rfd2 Rc8 34. g3 h5 35. Kf2 h4 36. Re1 hxg3+ 37. hxg3 Rxe1 38. Kxe1 Rh8 39. Kf2 Rh1 40. Ke3 Ra1 41. Rh2 a5 42. Bd6 a4 43. Kf4 Kg6 44. Rh8 a3 45. Rg8+ Kh7 46. Ra8 a2 47. Kg5 Kg7 48. Be5+ Kf7 49. Rh8 d6 50. Z0 Bb5 {[%emt 0:28:12] Kg6 0:28:12} 0-1

[Event "1.FrauenBL 2016-17"]
[Site "Berlin"]
[Date "2017.04.29"]
[Round "9.3"]
[White "Evers, Annika"]
[Black "Schmidt, Jade"]
[Result "1/2-1/2"]
[ECO "D12"]
[WhiteElo "1808"]
[BlackElo "2131"]
[Annotator "NA"]
[PlyCount "62"]
[EventDate "2017.??.??"]
[EventType "team-tourn"]
[EventCountry "GER"]
[SourceTitle "playchess.com"]
[Source "ChessBase"]
[SourceQuality "1"]
[WhiteTeam "TuRa Harksheide"]
[BlackTeam "Hamburger SK"]
[TimeControl "40/6000+30:3000+30"]

1. d4 d5 2. Nf3 c6 3. e3 Nf6 4. Nbd2 Bf5 5. c4 e6 6. Nh4 Bg4 7. Qb3 Qb6 8. Bd3 Be7 9. Nhf3 Nbd7 10. O-O O-O 11. Qc2 Qc7 12. b3 Bh5 13. Bb2 Bg6 14. Bxg6 hxg6 15. cxd5 $11 exd5 16. Ne5 Bd6 17. f4 Rfe8 18. Rf3 Nf8 19. Raf1 Re7 20. Rg3 N8h7 21. Ndf3 Ne4 22. Rh3 Rae8 23. Qe2 Nf8 24. Ng5 Nxg5 25. fxg5 Bxe5 26. dxe5 Ne6 27. Qg4 Rd7 28. Qh4 Kf8 29. Rhf3 Kg8 30. Rh3 Kf8 31. Rhf3 Kg8 1/2-1/2

[Event "1.FrauenBL 2016-17"]
[Site "Berlin"]
[Date "2017.04.29"]
[Round "9.4"]
[White "Osmanodja, Filiz"]
[Black "Kazarian, Anna-Maja"]
[Result "0-1"]
[ECO "C11"]
[WhiteElo "2370"]
[BlackElo "2257"]
[Annotator "NA"]
[PlyCount "128"]
[EventDate "2017.??.??"]
[EventType "team-tourn"]
[EventCountry "GER"]
[SourceTitle "playchess.com"]
[Source "ChessBase"]
[SourceQuality "1"]
[WhiteTeam "SC Bad Königshofen"]
[BlackTeam "Rodewischer SM"]
[TimeControl "40/6000+30:3000+30"]

1. e4 e6 2. d4 d5 3. Nc3 Nf6 4. e5 Nfd7 5. f4 c5 6. Nf3 Nc6 7. Be3 a6 8. Qd2 b5 9. dxc5 Bxc5 10. Bxc5 Nxc5 11. Qf2 Qb6 12. Bd3 b4 13. Ne2 a5 14. O-O Ba6 15. f5 exf5 16. Nf4 Ne7 17. e6 f6 18. Rfe1 Bxd3 19. Nxd3 Rc8 20. a3 O-O 21. axb4 axb4 22. Qd4 Rc6 23. Nxb4 Nxe6 24. Qxb6 Rxb6 25. c3 Rd8 26. Nd4 Nxd4 27. Rxe7 Ne6 28. Nd3 d4 29. c4 Rb3 30. Ra3 Rxa3 31. bxa3 Ng5 32. c5 Ne4 33. c6 Kf8 34. Rb7 Rc8 35. Nb4 d3 36. Rd7 d2 37. Kf1 Ke8 38. Rd3 Kf7 39. Rd7+ Ke6 40. Rd3 g5 41. Ke2 d1=Q+ 42. Rxd1 Nc3+ 43. Ke1 Nxd1 44. Kxd1 Ra8 45. c7 Kd7 46. Nd5 Rxa3 47. Nxf6+ Kxc7 48. Nxh7 g4 49. Ke2 Kd6 50. Ng5 Ra2+ 51. Kf1 Ra7 52. h3 Rg7 53. h4 Ke5 54. Kf2 f4 55. Ke2 Kf5 56. Kf2 Ra7 57. Ke2 Ra2+ 58. Kf1 Ra1+ 59. Ke2 Rh1 60. Nf7 Rxh4 61. Nd6+ Ke5 62. Nc4+ Kd4 63. Nd2 Rh2 64. Kf2 f3 0-1

[Event "1.FrauenBL 2016-17"]
[Site "Berlin"]
[Date "2017.04.29"]
[Round "9.4"]
[White "Scognamiglio, Stefanie"]
[Black "Marx, Inga"]
[Result "1-0"]
[ECO "B06"]
[WhiteElo "2086"]
[BlackElo "1801"]
[Annotator "NA"]
[PlyCount "79"]
[EventDate "2017.??.??"]
[EventType "team-tourn"]
[EventCountry "GER"]
[SourceTitle "playchess.com"]
[Source "ChessBase"]
[SourceQuality "1"]
[WhiteTeam "Hamburger SK"]
[BlackTeam "TuRa Harksheide"]
[TimeControl "40/6000+30:3000+30"]

1. e4 c6 2. d4 g6 3. g3 Bg7 4. Bg2 d5 5. exd5 cxd5 6. Ne2 Nf6 7. O-O O-O 8. h3 Nc6 9. c3 b5 10. Be3 a5 11. a3 Ba6 12. b4 a4 13. Nf4 e6 14. Nd3 Nd7 15. Nd2 Ne7 16. Rc1 Nf5 17. Bf4 Nb6 18. Nc5 Nd6 19. Re1 Ndc4 20. Ra1 Ra7 21. Nxc4 Nxc4 22. Qc1 Qc8 23. Bh6 Re8 24. Bxg7 Kxg7 25. Bf1 Rae7 26. Bxc4 dxc4 27. Nxa6 Qxa6 28. Re5 Rd8 29. Qe3 Qb7 30. Re1 Red7 31. Rc5 Rd5 32. Qf3 Qb8 33. Re5 Rxe5 34. Rxe5 Rd6 35. Rc5 f6 36. Qf4 Qb6 37. Rxb5 Qxb5 38. Qxd6 Qg5 39. Qc7+ Kh6 40. Qf4 1-0

[Event "1.FrauenBL 2016-17"]
[Site "Berlin"]
[Date "2017.04.29"]
[Round "9.4"]
[White "Boehm, Jana"]
[Black "Anisheva, Varvara"]
[Result "0-1"]
[ECO "B49"]
[WhiteElo "1963"]
[BlackElo "2130"]
[Annotator "NA"]
[PlyCount "72"]
[EventDate "2017.??.??"]
[EventType "team-tourn"]
[EventCountry "GER"]
[SourceTitle "playchess.com"]
[Source "ChessBase"]
[SourceQuality "1"]
[WhiteTeam "SK Lehrte"]
[BlackTeam "SV Medizin Erfurt"]
[TimeControl "40/6000+30:3000+30"]

1. e4 c5 2. Nf3 Nc6 3. d4 cxd4 4. Nxd4 Qc7 5. Nc3 e6 6. Be2 a6 7. O-O Nf6 8. Be3 Bb4 9. f3 O-O 10. Nxc6 bxc6 11. Na4 Bd6 12. g3 Bxg3 13. hxg3 Qxg3+ 14. Kh1 Nxe4 15. Bg1 Qh4+ 16. Kg2 Qg5+ 17. Kh2 Ng3 18. Nc5 Nxf1+ 19. Bxf1 d5 20. Qe1 f5 21. Nd3 Qh5+ 22. Kg2 f4 23. Bh2 e5 24. Qxe5 Bh3+ 25. Kf2 Qh4+ 26. Kg1 Rae8 27. Qd4 Bxf1 28. Rxf1 Re2 29. Rf2 Rxf2 30. Nxf2 Rf6 31. Qe5 h6 32. Ng4 Rg6 33. Kf1 h5 34. Qe8+ Kh7 35. Ne5 Qh3+ 36. Ke1 Re6 0-1

[Event "1.FrauenBL 2016-17"]
[Site "Berlin"]
[Date "2017.04.29"]
[Round "9.5"]
[White "Korenova, Martina"]
[Black "Yurenok, Maria S"]
[Result "1/2-1/2"]
[ECO "A58"]
[WhiteElo "2154"]
[BlackElo "2005"]
[Annotator "NA"]
[PlyCount "62"]
[EventDate "2017.??.??"]
[EventType "team-tourn"]
[EventCountry "GER"]
[SourceTitle "playchess.com"]
[Source "ChessBase"]
[SourceQuality "1"]
[WhiteTeam "Rodewischer SM"]
[BlackTeam "SC Bad Königshofen"]
[TimeControl "40/6000+30:3000+30"]

1. d4 Nf6 2. c4 g6 3. Nc3 Bg7 4. e4 d6 5. f4 O-O 6. Nf3 c5 7. d5 b5 8. cxb5 a6 9. bxa6 Qa5 10. Bd2 Bxa6 11. Bxa6 Qxa6 12. Qe2 Qxe2+ 13. Kxe2 Nfd7 14. Rhe1 Na6 15. Rac1 Rfb8 16. b3 Nb4 17. a4 f5 18. e5 dxe5 19. fxe5 Nxe5 20. Nxe5 Bxe5 21. Nb5 Rc8 22. Bxb4 cxb4 23. Rxc8+ Rxc8 24. Kd3 Bf6 25. Re6 Rc5 26. d6 Kf7 27. dxe7 Bxe7 28. Rb6 Rd5+ 29. Ke2 Re5+ 30. Kd3 Rd5+ 31. Ke2 Re5+ {[%emt 0:15:54] Nd6 0:15:54 Ke8 0:15:54 Ke1 0:15:54 --- 0:15:54 Rc6 0:15:54} 1/2-1/2

[Event "1.FrauenBL 2016-17"]
[Site "Berlin"]
[Date "2017.04.29"]
[Round "9.5"]
[White "Umpfenbach, Carolin"]
[Black "Zschischang, Marine"]
[Result "1-0"]
[ECO "A53"]
[WhiteElo "2131"]
[BlackElo "2037"]
[Annotator "NA"]
[PlyCount "121"]
[EventDate "2017.??.??"]
[EventType "team-tourn"]
[EventCountry "GER"]
[SourceTitle "playchess.com"]
[Source "ChessBase"]
[SourceQuality "1"]
[WhiteTeam "SV Medizin Erfurt"]
[BlackTeam "SK Lehrte"]
[TimeControl "40/6000+30:3000+30"]

1. d4 Nf6 2. c4 d6 3. Nc3 Nbd7 4. e4 e5 5. d5 Nc5 6. Qc2 a5 7. g3 g6 8. Bg2 Bg7 9. Nge2 Bd7 10. Bd2 Qc8 11. h3 h5 12. h4 a4 13. O-O O-O 14. b4 axb3 15. axb3 Rxa1 16. Rxa1 Na6 17. Nd1 Ne8 18. b4 f5 19. Ra3 c6 20. Qa2 cxd5 21. exd5 Qd8 22. Qc2 Qe7 23. Ra5 Kh7 24. c5 f4 25. Be4 Bf5 26. c6 bxc6 27. Rxa6 cxd5 28. Bxf5 gxf5 29. Ra3 d4 30. b5 f3 31. Rxf3 e4 32. Rb3 d3 33. Qc4 d5 34. Qxd5 dxe2 35. Nc3 e3 36. Be1 exf2+ 37. Kxf2 f4 38. Qxh5+ Bh6 39. Qxe2 Qc5+ 40. Kf1 fxg3+ 41. Kg2 Nd6 42. Bxg3 Nf5 43. Qe4 Bg7 44. Nd5 Kh8 45. Rf3 Nxg3 46. Rxf8+ Qxf8 47. Kxg3 Qb8+ 48. Kg4 Qxb5 49. Nf4 Qd7+ 50. Ne6 Qd1+ 51. Kg3 Qg1+ 52. Kh3 Qf1+ 53. Kg4 Qg1+ 54. Kh5 Qd1+ 55. Kg6 Qg1+ 56. Ng5 Qc5 57. Kh5 Kg8 58. Qe6+ Kh8 59. Qg6 Kg8 60. Qe8+ Bf8 61. Qf7+ {[%emt 0:02:02] --- 0:02:02 Qe8 0:02:02 Qg1 0:02:02} 1-0

[Event "1.FrauenBL 2016-17"]
[Site "Berlin"]
[Date "2017.04.29"]
[Round "9.6"]
[White "Schneider, Jana"]
[Black "Steinbacher, Claudia"]
[Result "1/2-1/2"]
[ECO "B40"]
[WhiteElo "2224"]
[BlackElo "2043"]
[Annotator "NA"]
[PlyCount "107"]
[EventDate "2017.??.??"]
[EventType "team-tourn"]
[EventCountry "GER"]
[SourceTitle "playchess.com"]
[Source "ChessBase"]
[SourceQuality "1"]
[WhiteTeam "SC Bad Königshofen"]
[BlackTeam "Rodewischer SM"]
[TimeControl "40/6000+30:3000+30"]

1. e4 c5 2. Nf3 e6 3. g3 Nc6 4. Bg2 d6 5. O-O g6 6. c3 Nf6 7. Re1 Bg7 8. d4 O-O 9. Bf4 Nh5 10. Be3 cxd4 11. Nxd4 Nxd4 12. Bxd4 e5 13. Be3 Be6 14. Qd3 Qd7 15. Na3 Rfd8 16. Red1 Bf8 17. c4 Qa4 18. Rac1 Rac8 19. Qc2 Qxc2 20. Rxc2 a6 21. Bb6 Re8 22. Ba5 Rc6 23. b3 Nf6 24. Rcd2 Nd7 25. Nc2 b6 26. Bb4 Nc5 27. Ba3 Rcc8 28. Nb4 a5 29. Nd5 Bxd5 30. Rxd5 Rc7 31. f3 Kg7 32. Kf2 Rb8 33. Bf1 Kf6 34. h4 h5 35. Bd3 Ke6 36. Ke3 f5 37. f4 a4 38. Bxc5 bxc5 39. bxa4 Rb4 40. exf5+ gxf5 41. fxe5 dxe5 42. Bxf5+ Kxf5 43. Rf1+ Ke6 44. Rxf8 Rxc4 45. Rd2 Rxa4 46. Re8+ Kf5 47. Rf2+ Kg4 48. Rxe5 Kxg3 49. Rff5 c4 50. Rxh5 Rxa2 51. Rhg5+ Kh3 52. Rc5 Rxc5 53. Rh5 Ra8 {[%emt 0:12:41] c7 0:12:41} 54. Z0 {[%emt 0:12:41] Bc7 0:12:41 --- 0:12:41 h5 0:12:41 --- 0:12:41 Qh7+ 0:12:41 --- 0:12:41 Ng8 0:12:41} 1/2-1/2

[Event "1.FrauenBL 2016-17"]
[Site "Berlin"]
[Date "2017.04.29"]
[Round "9.6"]
[White "Mader, Manuela"]
[Black "Kachiani-Gersinska, Ketino"]
[Result "1-0"]
[ECO "B19"]
[WhiteElo "2219"]
[BlackElo "2366"]
[Annotator "NA"]
[PlyCount "87"]
[EventDate "2017.??.??"]
[EventType "team-tourn"]
[EventCountry "GER"]
[SourceTitle "playchess.com"]
[Source "ChessBase"]
[SourceQuality "1"]
[WhiteTeam "Karlsruher SF"]
[BlackTeam "OSG Baden-Baden"]
[TimeControl "40/6000+30:3000+30"]

1. e4 c6 2. d4 d5 3. Nc3 dxe4 4. Nxe4 Bf5 5. Ng3 Bg6 6. h4 h6 7. Nf3 Nd7 8. h5 Bh7 9. Bd3 Bxd3 10. Qxd3 e6 11. Bd2 Ngf6 12. O-O-O Qc7 13. Ne4 Be7 14. Kb1 Rd8 15. Nxf6+ Nxf6 16. Ne5 $11 {[%emt 1:00:25] LiveBook: 8 Games} Qb6 17. Bc1 c5 18. Qg3 cxd4 19. Qxg7 Rh7 20. Qg3 Rd5 21. Rd3 Qc7 22. f4 Rc5 23. Rxd4 Rxc2 24. Rhd1 Rc5 25. Nd7 Rh8 26. Qg7 Nxd7 27. Rxd7 Rxc1+ 28. Rxc1 Qxd7 29. Qxh8+ Bf8 30. Qc3 Bd6 31. Rd1 Ke7 32. g3 Qb5 33. Qd3 Qc6 34. f5 e5 35. g4 a5 36. f6+ Kd7 37. g5 e4 38. Qh3+ Kc7 39. Rc1 Bc5 40. Qf5 b6 41. Qe5+ Kb7 42. g6 e3 43. g7 Qc8 44. Qd5+ 1-0

[Event "1.FrauenBL 2016-17"]
[Site "Berlin"]
[Date "2017.04.29"]
[Round "9.6"]
[White "Dengler, Dijana"]
[Black "Georgescu, Lena"]
[Result "0-1"]
[ECO "A81"]
[WhiteElo "2046"]
[BlackElo "2187"]
[Annotator "NA"]
[PlyCount "94"]
[EventDate "2017.??.??"]
[EventType "team-tourn"]
[EventCountry "GER"]
[SourceTitle "playchess.com"]
[Source "ChessBase"]
[SourceQuality "1"]
[WhiteTeam "FC Bayern München"]
[BlackTeam "SG Augsburg"]
[TimeControl "40/6000+30:3000+30"]

1. d4 f5 2. Nf3 d6 3. b3 Nf6 4. Bb2 g6 5. g3 Bg7 6. Bg2 O-O 7. O-O Qe8 8. Nbd2 Nc6 9. Nc4 e6 10. a4 Bd7 11. Rb1 h6 12. e3 g5 13. Re1 Qg6 14. Nfd2 Rae8 15. b4 Ne4 16. b5 Ne7 17. f3 Nxd2 18. Qxd2 f4 19. e4 g4 20. Qf2 fxg3 21. hxg3 gxf3 22. Bxf3 e5 23. dxe5 Qf7 24. Nd2 Ng6 25. Rf1 Nxe5 26. Bg2 Qh5 27. Nf3 Bg4 28. Bxe5 Bxe5 29. Rb3 Re7 30. Qe1 Bxf3 31. Bxf3 Qh3 32. Bg2 Bd4+ 33. Re3 Qg4 34. Rxf8+ Kxf8 35. Kh2 Qh5+ 36. Bh3 Bxe3 37. Qxe3 Rf7 38. Kg2 Qg5 39. Qxg5 hxg5 40. Be6 Rf6 41. Bc8 b6 42. Bf5 Ke7 43. Kf3 Rh6 44. Ke3 Rh2 45. Kd3 Kf6 46. Kc3 Ke5 47. Kb3 d5 0-1